 Dungeon Crawl Stone Soup version 0.25.1-1-g288607f5aa (webtiles) character file.

Game seed: 11390872292154141718

575 Elvor the Bolt Thrower (level 7, -1/61 HPs)
             Began as a Minotaur Hunter on July 20, 2020.
             Killed by nerve-wracking pain
             ... invoked by Grinder
              (10 damage)
             ... on level 4 of the Dungeon.
             The game lasted 00:36:10 (3351 turns).

Elvor the Bolt Thrower (Minotaur Hunter)            Turns: 3351, Time: 00:36:11

Health: -1/61      AC:  4    Str: 19    XL:     7   Next: 12%
Magic:  6/6        EV: 14    Int:  8    God:
Gold:   123        SH:  0    Dex: 20    Spells: 6/6 levels left

rFire    . . .     SeeInvis .   z - +0 rapier "Plog" {freeze, rElec MR- Dex+10 Stlth-} (curse)
rCold    . . .     Gourm    .   (no shield)
rNeg     . . .     Faith    .   c - +0 leather armour
rPois    +         Spirit   .   (helmet restricted)
rElec    +         Reflect  .   (no cloak)
rCorr    .         Harm     .   b - +0 pair of gloves
MR       .....                  (no boots)
Stlth    +.........             u - amulet of magic regeneration
HPRegen  0.20/turn              w - ring of poison resistance
MPRegen  0.35/turn              k - ring of protection from magic

@: no status effects
A: retaliatory headbutt, horns 2
a: no special abilities


You were on level 4 of the Dungeon.
You were not hungry.

You visited 2 branches of the dungeon, and saw 6 of its levels.

You collected 123 gold pieces.

Inventory:

Hand Weapons
 a - a +1 hand crossbow
 j - a +2 broad axe of flaming
 s - a +0 war axe
 z - the cursed +0 rapier "Plog" (weapon) {freeze, rElec MR- Dex+10 Stlth-}
   (You found it on level 4 of the Dungeon)

   It has been specially enchanted to freeze those struck by it, causing extra
   injury to most foes and up to half again as much damage against particularly
   susceptible opponents.
   It can also slow down cold-blooded creatures.
   It affects your dexterity (+10).
   It insulates you from electricity.
   It affects your resistance to hostile enchantments.
   It makes you less stealthy.
   It has a curse placed upon it.
Missiles
 d - 76 bolts
 h - 87 poisoned darts (quivered)
 t - 9 boomerangs
Armour
 b - a +0 pair of gloves (worn)
 c - a +0 leather armour (worn)
 A - a +0 ring mail of poison resistance
 D - a +0 pair of gloves
Jewellery
 k - a ring of protection from magic (right hand)
 o - a cursed -4 ring of evasion {unknown}
 u - an amulet of magic regeneration (around neck)
 w - a ring of poison resistance (left hand)
Wands
 r - a wand of iceblast (9)
Scrolls
 g - a scroll of random uselessness
 i - a scroll of teleportation
 n - a scroll of fear
 q - a scroll of fog
 y - 2 scrolls of amnesia
 B - a scroll of enchant weapon
Potions
 m - a potion of stabbing {unknown}
 p - a potion of curing {unknown}
 v - 2 potions of might
 x - a potion of flight {unknown}
 C - 2 potions of lignification {unknown}
Comestibles
 f - 13 rations
 l - 3 chunks of flesh


   Skills:
 * Level 5.3 Fighting
 + Level 1.1 Short Blades
   Level 2.1 Maces & Flails
 + Level 6.3 Crossbows
 + Level 2.5 Throwing
 * Level 1.5 Armour
 + Level 3.3 Dodging
 + Level 1.4 Stealth


You had 6 spell levels left.
You didn't know any spells.
Your spell library was empty.

Dungeon Overview and Level Annotations

Branches:
Dungeon (5/15)             Temple (1/1) D:5

Altars:
Ashenzari
Dithmenos
Elyvilon
Fedhas
Hepliaklqana
Nemelex Xobeh
Qazlal
Ru
Trog
Uskayaw
Vehumet
Wu Jian
Xom
Yredelemnul
Zin
The Shining One

Annotations:
D:4 Grinder


Innate Abilities, Weirdness & Mutations

You reflexively headbutt those who attack you in melee.
You have a pair of horns on your head.


Message History

Grinder gestures at you.
You struggle to resist.
You puncture Grinder!
Grinder is heavily wounded.
Grinder hits you.
You hit Grinder. Your headbutt misses Grinder.
Grinder is severely wounded.
Grinder zaps a wand.
The puff of flame hits you.
* * * LOW HITPOINT WARNING * * *
You barely miss Grinder.
Grinder is severely wounded.
Grinder hits you!
* * * LOW HITPOINT WARNING * * *
You writhe in agony.
* * * LOW HITPOINT WARNING * * *
You hit Grinder. You headbutt Grinder!
Grinder is almost dead.
Grinder gestures at you. Pain shoots through your body!
You die...

##......##....#......##..........
#.....#.#...............#.###....
#....##................##.##...#.
#..####............###..#.##..###
#.#####..#....(.........#.##..##
#.# #.#..#.####................#
..###...##...##(..#...........##
...##.####.....5.###..........###
.........##..##.@###..##.#.....##
.........###.###..#..###.#.......
.........##...##.....##........#.
.....................[.........##
............##........[##....###.
...........####..._...####..## #.
............##.........##...# ##
.........<.................##
..............##.....##..###


You could see Grinder.

Vanquished Creatures
  An ice beast (D:5)
  A sky beast (D:3)
  2 hounds (D:5)
  An orc priest (D:4)
  2 orc wizards (D:4)
  3 worker ants
  7 adders
  2 oozes
  2 worms
  2 dart slugs (D:1)
  3 leopard geckos
  15 orcs
  4 giant cockroaches
  10 goblins
  4 hobgoblins
  4 jackals (D:2)
  A ball python skeleton (D:4)
  6 bats
  2 frilled lizards
  A jackal zombie (D:5)
  11 kobolds
  A leopard gecko skeleton (D:4)
  A quokka skeleton (D:4)
  2 rats
88 creatures vanquished.

Notes
Turn   | Place    | Note
-------+----------+-------------------------------------------
     0 | D:1      | Elvor the Minotaur Hunter began the quest for the Orb.
     0 | D:1      | Reached XP level 1. HP: 18/18 MP: 0/0
   200 | D:1      | Reached XP level 2. HP: 14/25 MP: 1/1
   320 | D:1      | Reached skill level 5 in Crossbows
   428 | D:1      | Reached XP level 3. HP: 27/30 MP: 2/2
  1068 | D:2      | Found a glowing golden altar of the Shining One.
  1350 | D:3      | Reached XP level 4. HP: 34/38 MP: 3/3
  1455 | D:3      | Noticed a sky beast
  1468 | D:3      | Killed a sky beast
  1468 | D:3      | Reached skill level 6 in Crossbows
  1468 | D:3      | Reached XP level 5. HP: 17/46 MP: 4/4
  1489 | D:3      | Found a shimmering altar of Xom.
  1563 | D:3      | Reached skill level 1 in Stealth
  1755 | D:4      | Reached skill level 1 in Maces & Flails
  1810 | D:4      | Got a polished rapier
  1866 | D:4      | Found a shadowy altar of Dithmenos.
  1896 | D:4      | Reached skill level 1 in Throwing
  1961 | D:4      | Reached XP level 6. HP: 39/53 MP: 5/5
  2027 | D:4      | Found a basalt altar of Yredelemnul.
  2368 | D:5      | Entered Level 5 of the Dungeon
  2368 | D:5      | Noticed Grinder
  2371 | D:4      | Paralysed by Grinder for 3 turns
  2402 | D:3      | Identified the cursed +0 rapier "Plog" {freeze, rElec MR-
                  | Dex+10 Stlth-} (You found it on level 4 of the Dungeon)
  2651 | D:5      | Found a staircase to the Ecumenical Temple.
  2697 | Temple   | Entered the Ecumenical Temple
  2868 | D:5      | Noticed an ice beast
  2880 | D:5      | Killed an ice beast
  2880 | D:5      | Reached skill level 5 in Fighting
  2901 | D:5      | Reached skill level 1 in Armour
  2915 | D:5      | Reached skill level 1 in Short Blades
  2915 | D:5      | Reached XP level 7. HP: 30/61 MP: 6/6
  3223 | D:5      | Found a bloodstained altar of Trog.
  3351 | D:4      | Killed from afar by Grinder

Illustrated notes

Levels and vault maps discovered:
D:1:      wander_arrival_peaceful_grave, layout_loops_ring
D:2:      layout_rooms, lemuel_coloured_pillars_altar
D:3:      layout_rooms, lemuel_doored_altar
D:4:      layout_cave_pools, overflow_temple_1_default,
          nicolae_dithmenos_shadow_blocks
D:5:      layout_loops_ring, minmay_temple_entry_large_hall, first_ration,
          trog_hazing_becter, uniq_grinder
Temple:   dshaligram_water_room_temple

Skill      XL: |  1  2  3  4  5  6 |
---------------+-------------------+-----
Crossbows      | 5 6 |  6.3
Fighting       | 3 4 5 |  5.3
Stealth        | 1 |  1.4
Maces & Flails | 1 2 |  2.1
Throwing       | 1 2 |  2.5
Dodging        | 3 |  3.3
Armour         | 1 |  1.5
Short Blades   | 1 |  1.1

Action                   |  1- 3 |  4- 6 |  7- 9 || total
-------------------------+-------+-------+-------++-------
Melee: Short sword       |    14 |       |       ||    14
       Mace              |     6 |    72 |       ||    78
       Headbutt          |     4 |    19 |     5 ||    28
       Rapier            |       |    20 |    15 ||    35
 Fire: Hand crossbow     |    68 |       |       ||    68
Throw: Dart              |       |    51 |    31 ||    82
       Boomerang         |       |     3 |       ||     3
  Use: Scroll            |     3 |     5 |     1 ||     9
  Eat: Chunk             |     1 |     5 |     2 ||     8
Armor: Robe              |     5 |     9 |       ||    14
       Leather armour    |       |     3 |     5 ||     8
Dodge: Dodged            |    23 |    63 |    23 ||   109
